AoeStats
← Le Duckling

Arena

509447829Analyzed
3v3 RM · 4d ago on Sep 26, 2026· 61m 46s· 6 players
Game mode
Random Map
Map size
Normal (6 player)
Population
200
Speed
Normal
Resources
Standard
Victory
Conquest
Starting age
Dark Age
Ending age
Imperial Age
RankedLock teamsTeams togetherTeam positionsShared explorationLock speedFull tech treeHidden civsTurbo modeCheats
Victory
Defeat
🇬🇧 Koreans · United Kingdom
1299
+13
🇮🇹 Bengalis · Italy
1210
+17
🇮🇹 Saxons · Italy
1168
+19
🇳🇮 Shu · Nicaragua
1250
-17
🇦🇷 Britons · Argentina
1245
-17
🇿🇦 Khmer · South Africa
1208
-15
PoTaToH
11:00 Feudal Age
15:32 Castle Age
13:50 Double-Bit Axe
14:26 Horse Collar
17:27 Bow Saw
21:27 Town Watch
21:29 Loom
23:24 Heavy Plow
23:18 Gold Mining
24:44 Wheelbarrow
28:28 Imperial Age
27:14 Gold Shaft Mining
26:32 Stone Mining
28:18 Hand Cart
30:23 Chemistry
29:59 Heavy Rocket Cart
30:41 Fletching
33:11 Two-Man Saw
32:51 Shinkichon
33:01 Scale Mail Armor
33:51 Siege Engineers
33:34 Pikeman
34:31 Chain Mail Armor
35:05 Conscription
36:07 Bodkin Arrow
36:43 Plate Mail Armor
35:34 Halberdier
37:04 Squires
37:08 Bracer
38:30 Masonry
39:33 Forging
40:01 Murder Holes
40:30 Ballistics
40:08 Murder Holes
40:44 Architecture
42:41 Coinage
43:12 Iron Casting
44:27 Arrowslits
44:44 Eupseong
44:31 Treadmill Crane
46:08 Arson
46:59 Banking
47:52 Fortified Wall
48:01 Capped Ram
52:48 Caravan
52:59 Guilds
PQ.90Official
10:59 Feudal Age
15:02 Castle Age
13:25 Double-Bit Axe
13:40 Horse Collar
16:24 Bow Saw
17:24 Wheelbarrow
20:30 Heavy Plow
23:36 Gold Mining
25:03 Hand Cart
25:15 Husbandry
25:26 Bloodlines
25:26 Scale Barding Armor
25:32 Forging
25:19 Loom
28:33 Imperial Age
26:28 Chain Barding Armor
28:37 Gold Shaft Mining
29:42 Iron Casting
30:21 Plate Barding Armor
29:22 Elite Skirmisher
30:05 Padded Archer Armor
29:55 Fletching
30:55 Elite Battle Elephant
32:31 Paiks
33:58 Conscription
33:37 Bodkin Arrow
33:57 Leather Archer Armor
35:11 Blast Furnace
36:41 Bracer
38:17 Mahayana
40:18 Ballistics
47:54 Ring Archer Armor
51:44 Chemistry
Spirit of the in-Laws
10:50 Feudal Age
16:15 Castle Age
14:20 Horse Collar
14:27 Double-Bit Axe
16:18 Scale Mail Armor
16:24 Stone Mining
18:20 Bow Saw
20:21 Wheelbarrow
20:11 Chain Mail Armor
22:40 Loom
26:09 Hand Cart
26:34 Forging
30:30 Imperial Age
28:55 Heavy Plow
29:40 Iron Casting
29:41 Town Watch
29:59 Squires
29:45 Gambesons
29:46 Arson
30:51 Padded Archer Armor
31:36 Conscription
32:04 Elite Hearth Troop
33:20 Elite Skirmisher
39:16 Plate Mail Armor
39:02 Leather Archer Armor
38:09 Shield Wall
40:29 Chemistry
42:48 Ballistics
43:39 Ring Archer Armor
46:41 Pikeman
47:13 Halberdier
50:21 Ring Archer Armor
51:13 Fletching
58:17 Bodkin Arrow
61:14 Bracer
61:15 Capped Ram
misspa
11:02 Feudal Age
14:32 Castle Age
13:17 Double-Bit Axe
13:33 Horse Collar
15:53 Bow Saw
17:25 Loom
20:12 Wheelbarrow
22:54 Stone Mining
22:56 Gold Mining
23:27 Hand Cart
28:38 Imperial Age
27:23 Ballistics
27:14 Masonry
26:57 Fletching
27:07 Padded Archer Armor
26:31 Crossbowman
28:22 Gold Shaft Mining
28:56 Bodkin Arrow
29:17 Leather Archer Armor
29:10 Arbalester
30:15 Bracer
31:21 Chemistry
31:42 Ring Archer Armor
32:14 Conscription
32:56 Caravan
32:58 Pikeman
33:52 Forging
33:42 Scale Mail Armor
34:52 Two-Man Saw
34:54 Squires
34:53 Halberdier
36:14 Yeomen
36:44 Iron Casting
36:24 Chain Mail Armor
39:04 Blast Furnace
38:38 Architecture
39:58 Warwolf
48:19 Plate Mail Armor
51:34 Arson
EXILE | milval
10:52 Feudal Age
15:41 Castle Age
13:55 Horse Collar
14:39 Double-Bit Axe
16:35 Bow Saw
16:26 Heavy Plow
20:21 Fletching
20:32 Padded Archer Armor
22:11 Wheelbarrow
21:45 Bodkin Arrow
21:51 Gold Mining
23:16 Hand Cart
24:27 Stone Mining
25:13 Leather Archer Armor
24:22 Crossbowman
29:03 Imperial Age
27:26 Gold Shaft Mining
26:41 Loom
26:42 Town Watch
28:37 Ballistics
29:09 Thumb Ring
30:40 Bracer
30:11 Arbalester
31:37 Ring Archer Armor
32:09 Chemistry
32:14 Siege Engineers
33:03 Pikeman
33:43 Squires
34:11 Scale Mail Armor
34:22 Forging
35:20 Chain Mail Armor
36:39 Two-Man Saw
35:19 Halberdier
36:40 Treadmill Crane
37:11 Masonry
37:36 Plate Mail Armor
38:44 Bolt Magazine
39:05 Conscription
43:21 Coiled Serpent Array
46:29 Elite White Feather Guard
50:45 Murder Holes
51:21 Architecture
Le Duckling
10:35 Feudal Age
11:02 Horse Collar
11:09 Double-Bit Axe
17:41 Castle Age
17:25 Wheelbarrow
16:37 Loom
22:10 Heavy Plow
24:28 Pikeman
26:54 Hand Cart
29:54 Imperial Age
30:49 Bow Saw
30:06 Halberdier
31:02 Forging
30:54 Scale Mail Armor
31:10 Onager
33:03 Tusk Swords
35:46 Chemistry
36:04 Light Cavalry
36:54 Bloodlines
36:45 Husbandry
37:12 Hussar
39:34 Forging
39:29 Scale Barding Armor
49:16 Crop Rotation
Connection lost

Rejoining the realm…

Still unreachable

The connection could not be restored.

Session expired

The server has moved on; the page needs a fresh start.